 Dungeon Crawl Stone Soup version 0.24.0-123-gd5b16e6ec5 (webtiles) character file.

Game seed: 5414138974633293035, levelgen mode: deterministic

206868 Goreval the Minotaur Blade (level 18, -7/300 HPs)
             Began as a Minotaur Berserker on Jan 16, 2020.
             Was a High Priest of Trog.
             Hit by a javelin thrown by a merfolk javelineer (10 damage)
             ... on level 4 of the Shoals on Jan 18, 2020.
             The game lasted 01:11:36 (39021 turns).

Goreval the Minotaur Blade (Minotaur Berserker)    Turns: 39021, Time: 01:11:36

Health: -7/300     AC: 31    Str: 39    XL:     18   Next: 8%
Magic:  17/17      EV: 20    Int:  4    God:    Trog [*****.]
Gold:   1371       SH:  0    Dex: 20    Spells: 17/17 levels left

rFire    + + .     SeeInvis +   U - +9 triple sword (slice)
rCold    + . .     Gourm    .   (shield currently unavailable)
rNeg     . . .     Faith    .   u - +3 plate armour {rC+}
rPois    +         Spirit   .   w - +2 hat
rElec    .         Reflect  .   g - scarf {rC+ rF+}
rCorr    +         Harm     .   M - +5 pair of gloves of Vanity {rF+ Dex+3}
MR       +....                  s - +0 pair of boots of the Lion {rC- Str+6 Dex+2}
Stlth    ..........             (no amulet)
HPRegen  0.60/turn              E - ring of see invisible
MPRegen  0.15/turn              P - ring "Biol" {rPois rCorr Dex+3}

@: berserking (expiring), studying Fighting, drained, very quick
A: retaliatory headbutt, horns 2, rugged brown scales 1, robust 1
}: 1/15 runes: gossamer
a: Berserk, Trog's Hand, Brothers in Arms, Renounce Religion


You were on level 4 of the Shoals.
You worshipped Trog.
Trog was extremely pleased with you.
You were hungry.

You visited 4 branches of the dungeon, and saw 29 of its levels.
You also visited: Gauntlet, Ice Cave and Volcano.

You collected 1756 gold pieces.
You spent 385 gold pieces at shops.

Inventory:

Hand Weapons
 R - a +7 antimagic demon blade
 T - a +6 great sword of flaming
 U - a +9 triple sword of slicing (weapon)
 Y - a +4 great sword of holy wrath
Missiles
 i - 889 stones (quivered)
 V - 6 throwing nets
Armour
 g - a scarf of resistance (worn)
 s - the +0 pair of boots of the Lion (worn) {rC- Str+6 Dex+2}
   (You acquired it on level 3 of the Lair of Beasts)

   It affects your strength (+6).
   It affects your dexterity (+2).
   It makes you vulnerable to cold.
 u - a +3 plate armour of cold resistance (worn)
 w - a +2 hat (worn)
 M - the +5 pair of gloves of Vanity (worn) {rF+ Dex+3}
   (You found it on level 10 of the Dungeon)

   It affects your dexterity (+3).
   It protects you from fire.
Jewellery
 y - an uncursed ring of flight
 C - an uncursed ring of positive energy
 E - a ring of see invisible (left hand)
 F - the ring "Ibiki" {Wiz rElec rF- MR- Str+10}
   (You found it in a Gauntlet)

   [ring of wizardry]

   It improves your spell success rate.
   It affects your strength (+10).
   It makes you vulnerable to fire.
   It insulates you from electricity.
   It affects your resistance to hostile enchantments.
 H - a +5 ring of strength
 L - an uncursed ring of protection from magic
 N - an uncursed ring of protection from fire
 O - a +3 ring of evasion
 P - the ring "Biol" (right hand) {rPois rCorr Dex+3}
   (You acquired it on level 3 of the Spider Nest)

   [ring of resist corrosion]

   It affects your dexterity (+3).
   It protects you from poison.
   It provides partial protection from all sources of acid and corrosion.
 Q - an uncursed ring of protection from cold
 X - a +3 ring of evasion
Wands
 j - a wand of paralysis (8)
 n - a wand of iceblast (42)
 x - a wand of digging (5)
Scrolls
 a - a scroll of silence
 d - 2 scrolls of enchant weapon
 l - 17 scrolls of remove curse
 m - 3 scrolls of fear
 o - 3 scrolls of enchant armour
 r - 4 scrolls of blinking
 z - 16 scrolls of teleportation
 I - 5 scrolls of fog
 K - 18 scrolls of identify
 S - 5 scrolls of magic mapping
 Z - a scroll of holy word
Potions
 e - 4 potions of might
 f - 5 potions of lignification
 h - 9 potions of curing
 k - 3 potions of resistance
 p - 7 potions of flight
 q - 2 potions of haste
 t - 6 potions of brilliance
 v - 6 potions of mutation
 A - a potion of invisibility
 B - 6 potions of heal wounds
 D - 2 potions of agility
 G - 2 potions of cancellation
Books
 W - a manual of Fighting
Miscellaneous
 J - a phantom mirror
Comestibles
 b - 4 chunks of flesh
 c - 35 rations


   Skills:
 + Level 19.6(18.1) Fighting
 * Level 22.9(21.3) Long Blades
 + Level 17.1(15.7) Armour
 + Level 16.0(14.5) Dodging


You had 17 spell levels left.
You didn't know any spells.
Your spell library was empty.

Dungeon Overview and Level Annotations

Branches:
Dungeon (15/15)            Temple (0/1) D:4            Lair (6/6) D:8
 Shoals (4/4) Lair:2       Spider (4/4) Lair:3        Slime (0/5) Lair:6
    Orc (0/2) D:12         Vaults (0/5) D:13         Depths (0/5) D:15
  IceCv (visited)         Volcano (visited)         Gauntlet (visited)

Altars:
Dithmenos
Fedhas
Gozag
Hepliaklqana
Makhleb
Qazlal
Ru
Vehumet
Wu Jian
Xom
Zin
The Shining One
Jiyva

Shops:
D:12 *   D:14 !

Annotations:
D:3 1 runed translucent door
D:12 3 runed translucent doors, NeAGen181's ghost, journeyman DDNe
Lair:2 2 transporters, Goreval's ghost, journeyman NaEn


Innate Abilities, Weirdness & Mutations

You reflexively headbutt those who attack you in melee.
You have a pair of horns on your head.
You are partially covered in rugged brown scales. (AC +1, +3% HP)
You are robust. (+10% HP)


Message History

The merfolk javelineer throws a javelin.
The javelin pierces through you.
* * * LOW HITPOINT WARNING * * *
You hear a splash.
The satyr shoots an arrow.
The arrow hits you but does no damage. The merfolk closely misses you.
You furiously retaliate!
You headbutt the merfolk!
The merfolk impaler hits you but does no damage.
You feel drained.
You cut the merfolk into ribbons!!!
You kill the merfolk!
Trog accepts your kill.
Your base Dodging skill increases to level 16!
The merfolk aquamancer gestures at you while chanting.
The ball of steam hits you but does no damage.
You resist.
The merfolk hits you but does no damage.
The merfolk javelineer throws a javelin.
The javelin pierces through you!
You die...

≈≈≈. ≈≈≈. . ≈≈≈. #≈≈ ≈≈
≈≈≈≈ #≈≈§ ≈≈≈ ≈≈≈≈ +.m#
≈≈≈≈ ≈≈≈≈ #..## .≈≈≈≈
≈≈≈≈ ##...#####..≈≈≈≈
≈≈≈≈≈#####....m§m§..≈≈≈≈≈
≈≈≈≈≈≈≈.......mm@§≈≈≈≈(≈≈
≈≈≈≈≈≈.....)...<.m.≈≈≈≈≈≈
≈≈≈≈≈.......(..c...≈≈≈≈≈P
≈≈≈≈.........c...≈≈≈≈≈≈.P
.................≈≈≈≈≈≈.#
..#........c.....≈≈≈≈≈.##
..##......c.....≈≈≈≈≈≈≈.
..##.....†).......≈)≈≈≈≈
..##..mc†##'##≈≈≈≈≈≈≈≈≈


You could see a merfolk impaler, a merfolk javelineer, a satyr, a merfolk
aquamancer, 2 merfolk and 3 fauns.

Vanquished Creatures
  Arachne (Spider:3)
  A kraken (Shoals:3)
  Polyphemus (Shoals:2)
  Roxanne (Shoals:2)
  Donald (Spider:3)
  Louise (Shoals:3)
  6 ghost moths (Spider:4)
  3 emperor scorpions
  An entropy weaver (Spider:2)
  6 dire elephants
  Azrael (Spider:3)
  3 spark wasps (Spider:4)
  A minotaur (Gauntlet)
  3 merfolk javelineers (Shoals:4)
  7 merfolk impalers
  Fannar (D:10)
  3 vault guards (D:13)
  A catoblepas (Shoals:2)
  An anaconda (Lair:6)
  6 hydras
  4 centaur warriors
  4 two-headed ogres
  An alligator snapping turtle (Shoals:3)
  6 death yaks
  A merfolk aquamancer (Shoals:1)
  4 satyrs
  A tengu warrior (D:14)
  A hell knight (Volcano)
  Sonja (Lair:6)
  2 unseen horrors (D:10)
  A wizard (D:14)
  7 sea snakes
  Pikel (D:6)
  A lindwurm (Lair:6)
  13 harpies
  A harpy (shapeshifter) (D:14)
  A necromancer (Gauntlet)
  10 orb spiders
  3 deep elf magi
  2 orc knights
  An oklob plant (Lair:1)
  23 fauns
  9 slime creatures
  11 manticores
  A faun (shapeshifter) (Gauntlet)
  4 cyclopes
  25 wolf spiders
  A moth of wrath (Spider:2)
  7 ugly things
  18 elephants
  A salamander (D:15)
  Maurice (D:8)
  4 black mambas
  2 molten gargoyles (Volcano)
  11 merfolk sirens
  Psyche (D:9)
  6 water nymphs
  11 spiny frogs
  A gargoyle (D:12)
  A freezing wraith (IceCv)
  8 demonic crawlers
  5 komodo dragons
  4 rime drakes
  A yaktaur (Volcano)
  2 anaconda simulacra (IceCv)
  An efreet (D:13)
  A kobold demonologist (D:14)
  A tengu conjurer (D:13)
  2 ice devils
  42 jumping spiders
  A meliai (shapeshifter) (Gauntlet)
  6 trolls
  4 polar bears
  A queen bee (Lair:4)
  31 merfolk
  6 meliai
  6 hornets
  Grinder (D:3)
  9 snapping turtles
  A blink frog (shapeshifter) (D:15)
  16 hippogriffs
  2 dream sheep (Shoals:2)
  8 wind drakes
  Sigmund (D:4)
  A vampire (D:15)
  3 centaur simulacra
  80 redbacks
  A shadow (D:12)
  26 tarantellas
  2 dire elephant simulacra (IceCv)
  2 fire bats (Volcano)
  4 water elementals
  4 wyverns (Lair:4)
  10 humans
  51 yaks
  3 fire elementals (Spider:3)
  2 hungry ghosts (D:12)
  A basilisk (D:8)
  An iron troll simulacrum (IceCv)
  4 vampire mosquitoes
  An acid dragon (D:15)
  12 water moccasins
  2 hydra simulacra (IceCv)
  15 porcupines
  2 hell hounds (Spider:3)
  2 ice beasts
  9 orc warriors
  An eye of draining (D:10)
  2 phantoms
  The ghost of Elellon the Chopper, an amateur HOFi (D:3)
  10 sky beasts
  9 ogres
  3 black bears
  13 centaurs
  9 wolves
  A big kobold (D:12)
  15 crocodiles
  29 bullfrogs
  5 scorpions
  33 killer bees
  6 wights (D:8)
  A howler monkey (D:10)
  8 lava snakes (Volcano)
  12 crimson imps
  2 draconian simulacra (IceCv)
  3 centaur zombies
  A wyvern simulacrum (D:14)
  5 hounds
  9 orc priests
  3 bullfrog skeletons
  2 jellies
  Crazy Yiuf (D:2)
  Natasha (D:4)
  3 centaur skeletons
  Ijyb (D:3)
  4 iguanas
  10 orc wizards
  8 worker ants
  A troll simulacrum (IceCv)
  2 polar bear simulacra (IceCv)
  A wolf simulacrum (IceCv)
  2 hound zombies
  A hound skeleton (D:11)
  A howler monkey skeleton (D:4)
  2 worker ant zombies
  11 adders
  3 ogre simulacra (IceCv)
  A river rat (D:3)
  3 shadow imps
  6 white imps
  5 ufetubi (IceCv)
  An ooze (D:3)
  2 worms (D:3)
  A dart slug (D:4)
  3 leopard geckos
  49 orcs
  4 giant cockroaches
  9 hobgoblins
  17 jackals
  13 kobolds
  3 quokkas
  2 ball pythons
  6 bats
  4 frilled lizards
  9 goblins
  A jackal zombie (D:5)
  5 rats
  4 plants
  4 tentacles (Shoals:3)
1038 creatures vanquished.

Vanquished Creatures (collateral kills)
  Ilsuiw (Shoals:2)
  A merfolk javelineer (Shoals:2)
  2 orb spiders (Spider:4)
  A merfolk siren (Shoals:2)
  A hornet (Spider:4)
  A merfolk (Shoals:2)
7 creatures vanquished.

Vanquished Creatures (others)
  A death yak (Shoals:2)
  A faun (Shoals:4)
  A water elemental (Shoals:1)
  A worker ant (D:6)
  10 fungi
  22 plants
  3 tentacles (Shoals:3)
39 creatures vanquished.

Grand Total: 1084 creatures vanquished

Notes
Turn   | Place    | Note
-------+----------+-------------------------------------------
     0 | D:1      | Goreval the Minotaur Berserker began the quest for the Orb.
     0 | D:1      | Reached XP level 1. HP: 19/19 MP: 0/0
   245 | D:1      | Reached XP level 2. HP: 26/27 MP: 1/1
   306 | D:1      | Reached skill level 4 in Long Blades
   872 | D:2      | Found a burning altar of Makhleb.
   875 | D:2      | Found a glowing silver altar of Zin.
   875 | D:2      | Noticed an angel
   876 | D:2      | Noticed a cacodemon
   959 | D:2      | Noticed a crimson imp
   960 | D:2      | Found a shimmering altar of Xom.
  1055 | D:2      | Found a runed translucent door.
  1056 | D:2      | Noticed Crazy Yiuf
  1160 | D:2      | Reached XP level 3. HP: 33/33 MP: 2/2
  1254 | D:2      | Reached XP level 4. HP: 31/40 MP: 3/3
  2275 | D:2      | Killed Crazy Yiuf
  2275 | D:2      | Reached skill level 5 in Long Blades
  2526 | D:3      | Noticed Ijyb
  2530 | D:3      | Found a blossoming altar of Fedhas.
  2533 | D:3      | Killed Ijyb
  2533 | D:3      | Reached XP level 5. HP: 47/47 MP: 4/4
  2675 | D:3      | Reached ** piety under Trog
  2838 | D:3      | Noticed Grinder
  2853 | D:3      | Killed Grinder
  2853 | D:3      | Reached skill level 5 in Fighting
  2853 | D:3      | Reached skill level 6 in Long Blades
  2853 | D:3      | Reached XP level 6. HP: 56/56 MP: 5/5
  3085 | D:3      | Found a runed translucent door.
  3088 | D:3      | Noticed Elellon's ghost (amateur HOFi)
  3226 | D:3      | Found a runed translucent door.
  3470 | D:3      | Killed Elellon's ghost
  3470 | D:3      | Reached XP level 7. HP: 61/61 MP: 6/6
  3972 | D:4      | Reached skill level 7 in Long Blades
  4090 | D:4      | Found a staircase to the Ecumenical Temple.
  4090 | D:4      | Noticed Natasha
  4096 | D:4      | Killed Natasha
  4189 | D:4      | Reached skill level 5 in Armour
  4457 | D:4      | Reached *** piety under Trog
  4508 | D:4      | Noticed Sigmund
  4512 | D:4      | Killed Sigmund
  4512 | D:4      | Reached skill level 8 in Long Blades
  4512 | D:4      | Reached skill level 5 in Dodging
  4512 | D:4      | Reached XP level 8. HP: 70/70 MP: 7/7
  4951 | D:5      | Entered Level 5 of the Dungeon
  5643 | D:5      | Found a hazy altar of Hepliaklqana.
  5724 | D:5      | Reached skill level 9 in Long Blades
  6431 | D:6      | Found a sacrificial altar of Ru.
  6468 | D:6      | Noticed Pikel
  6479 | D:6      | Killed Pikel
  6479 | D:6      | Reached XP level 9. HP: 79/79 MP: 8/8
  6721 | D:6      | Found a glowing golden altar of the Shining One.
  6751 | D:6      | Reached skill level 10 in Long Blades
  7163 | D:7      | Found an ornate altar of the Wu Jian Council.
  7171 | D:7      | Found a shadowy altar of Dithmenos.
  7837 | D:7      | Found an opulent altar of Gozag.
  7962 | D:8      | Reached **** piety under Trog
  8025 | D:8      | Found a radiant altar of Vehumet.
  8110 | D:8      | Reached skill level 11 in Long Blades
  8147 | D:8      | Noticed a troll
  8148 | D:8      | Noticed Maurice
  8156 | D:8      | Killed a troll
  8163 | D:8      | Reached XP level 10. HP: 90/90 MP: 9/9
  8596 | D:8      | Killed Maurice
  8792 | D:8      | Found a staircase to the Lair.
  8795 | D:8      | Reached skill level 12 in Long Blades
  9112 | D:8      | Reached ***** piety under Trog
  9903 | D:9      | Noticed Psyche
  9913 | D:9      | Killed Psyche
 10233 | D:9      | Noticed a two-headed ogre
 10239 | D:9      | Killed a two-headed ogre
 10239 | D:9      | Reached skill level 13 in Long Blades
 10239 | D:9      | Reached XP level 11. HP: 99/99 MP: 10/10
 10298 | D:9      | Found a stormy altar of Qazlal.
 10389 | D:10     | Entered Level 10 of the Dungeon
 10389 | D:10     | Noticed a green ugly thing
 10395 | D:10     | Killed a green ugly thing
 10395 | D:10     | Reached skill level 10 in Fighting
 10576 | D:10     | Noticed an orc knight
 10590 | D:10     | Killed an orc knight
 10660 | D:10     | Noticed a two-headed ogre
 10668 | D:10     | Killed a two-headed ogre
 11266 | D:10     | Noticed a centaur warrior
 11266 | D:10     | Identified the +4 hand axe "Atwatiqi" {freeze, +Inv +Fly
                  | MR+}
 11281 | D:10     | Reached skill level 10 in Armour
 11286 | D:10     | Killed a centaur warrior
 11296 | D:10     | Killed an unseen horror
 11301 | D:10     | Reached skill level 14 in Long Blades
 11328 | D:10     | Got a pair of heavily runed gloves
 11351 | D:10     | Identified the +5 pair of gloves of Vanity {rF+ Dex+3} (You
                  | found it on level 10 of the Dungeon)
 11813 | D:10     | Killed an unseen horror
 12070 | D:10     | Noticed Fannar
 12084 | D:10     | Killed Fannar
 12274 | D:11     | Noticed a two-headed ogre
 12285 | D:11     | Killed a two-headed ogre
 12462 | D:11     | Reached XP level 12. HP: 110/110 MP: 11/11
 12542 | D:11     | Reached skill level 10 in Dodging
 12920 | Lair:1   | Entered Level 1 of the Lair of Beasts
 13274 | Lair:1   | Reached skill level 15 in Long Blades
 13438 | Lair:1   | Received a gift from Trog
 14425 | Lair:2   | Found a transporter.
 14440 | Lair:2   | Noticed Goreval's ghost (journeyman NaEn)
 14537 | Lair:2   | Noticed a four-headed hydra
 14544 | Lair:2   | Killed an eight-headed hydra
 14557 | Lair:2   | Found a transporter.
 14789 | Lair:2   | Noticed a seven-headed hydra
 14792 | Lair:2   | Killed a nine-headed hydra
 14803 | Lair:2   | Found a staircase to the Shoals.
 15314 | Lair:3   | Reached skill level 16 in Long Blades
 15553 | Lair:3   | Reached XP level 13. HP: 118/118 MP: 4/12
 15927 | Lair:3   | Found a hole to the Spider Nest.
 16475 | Lair:3   | Identified a scroll of acquirement
 16479 | Lair:3   | Got a pair of shimmering boots
 16491 | Lair:3   | Identified the +0 pair of boots of the Lion {rC- Str+6
                  | Dex+2} (You acquired it on level 3 of the Lair of Beasts)
 16998 | Lair:4   | Received a gift from Trog
 17259 | Lair:4   | Reached skill level 17 in Long Blades
 17592 | Lair:4   | Got a warped long sword
 18002 | Lair:4   | Received a gift from Trog
 18030 | Lair:4   | Identified the +2 long sword "Nurur" {flame, +Rage rF-
                  | MR++} (You found it on level 4 of the Lair of Beasts)
 18878 | Lair:6   | Entered Level 6 of the Lair of Beasts
 19069 | Lair:6   | Reached XP level 14. HP: 125/129 MP: 13/13
 19143 | Lair:6   | Found a dark tunnel.
 19158 | Volcano  | Entered a volcano
 19574 | Volcano  | Found a bloodstained altar of Trog.
 19802 | Volcano  | Got a faintly glowing hand axe
 19839 | Volcano  | Reached ****** piety under Trog
 19839 | Volcano  | Reached skill level 18 in Long Blades
 20124 | Lair:6   | Found a viscous altar of Jiyva.
 20125 | Lair:6   | Found a staircase to the Slime Pits.
 20314 | Lair:6   | Noticed Sonja
 20680 | Lair:6   | Killed Sonja
 20680 | Lair:6   | Received a gift from Trog
 21887 | D:12     | Found a staircase to the Orcish Mines.
 21913 | D:12     | Found a runed translucent gate.
 21913 | D:12     | Found a runed translucent gate.
 21913 | D:12     | Found a runed translucent gate.
 21913 | D:12     | Noticed NeAGen181's ghost (journeyman DDNe)
 22323 | D:12     | Found Rustryuco's General Store.
 22327 | D:12     | Bought a scroll of brand weapon for 280 gold pieces
 22327 | D:12     | Bought a scroll of enchant weapon for 105 gold pieces
 22461 | D:12     | Gained mutation: Your magical capacity is low. (-10% MP)
                  | [potion of mutation]
 22461 | D:12     | Lost mutation: Your magical capacity is low. (-10% MP)
                  | [potion of mutation]
 22461 | D:12     | Gained mutation: You are robust. (+10% HP) [potion of
                  | mutation]
 22461 | D:12     | Gained mutation: You are partially covered in rugged brown
                  | scales. (AC +1, +3% HP) [potion of mutation]
 22537 | D:13     | Received a gift from Trog
 22801 | D:13     | Found a gate to the Vaults.
 23073 | D:13     | Found the +4 moon troll leather armour {Spirit, Regen++
                  | MP+5}
 23191 | D:14     | Reached skill level 19 in Long Blades
 23653 | D:14     | Reached XP level 15. HP: 145/157 MP: 14/14
 23880 | D:14     | Found Tuif's Distillery.
 24086 | D:15     | Entered Level 15 of the Dungeon
 24086 | D:15     | Found a gate leading to a gauntlet.
 24096 | Gauntlet | Entered a Gauntlet
 24096 | Gauntlet | Found a transporter.
 24096 | Gauntlet | Found a transporter.
 24108 | Gauntlet | Found a transporter.
 24108 | Gauntlet | Found a transporter.
 24112 | Gauntlet | Found a transporter.
 24112 | Gauntlet | Found a transporter.
 24147 | Gauntlet | Found a transporter.
 24148 | Gauntlet | Found a transporter.
 24210 | Gauntlet | Found a runed translucent door.
 24210 | Gauntlet | Found a runed translucent door.
 24214 | Gauntlet | Found a transporter.
 24258 | Gauntlet | Got a heavily runed turquoise ring
 24264 | Gauntlet | Identified the ring "Ibiki" {Wiz rElec rF- MR- Str+10} (You
                  | found it in a Gauntlet)
 24289 | Gauntlet | Found a transporter.
 24320 | Gauntlet | Received a gift from Trog
 24334 | Gauntlet | Found a transporter.
 24356 | Gauntlet | Found a transporter.
 24422 | Gauntlet | Identified the cursed +1 scimitar of Geiteiga {slice, -Tele
                  | rPois rF+ rC+}
 25184 | D:15     | Reached skill level 15 in Fighting
 25198 | D:15     | Found a staircase to the Depths.
 25882 | Spider:1 | Entered Level 1 of the Spider Nest
 26361 | Spider:2 | Received a gift from Trog
 26587 | Spider:2 | Reached skill level 20 in Long Blades
 26849 | Spider:2 | Reached skill level 15 in Armour
 28211 | Spider:3 | Reached XP level 16. HP: 170/170 MP: 15/15
 28264 | Spider:3 | Received a gift from Trog
 28304 | Spider:3 | Noticed Donald
 28304 | Spider:3 | Noticed Arachne
 28310 | Spider:3 | Killed Donald
 28317 | Spider:3 | Killed Arachne
 28872 | Spider:3 | Noticed Azrael
 28879 | Spider:3 | Killed Azrael
 29243 | Spider:3 | Got a flickering steel ring
 29246 | Spider:3 | Identified the ring "Biol" {rPois rCorr Dex+3} (You
                  | acquired it on level 3 of the Spider Nest)
 29740 | Spider:4 | Entered Level 4 of the Spider Nest
 30011 | Spider:4 | Found a frozen archway.
 30027 | IceCv    | Entered an ice cave
 30347 | IceCv    | Received a gift from Trog
 30677 | Spider:4 | Reached skill level 21 in Long Blades
 31494 | Spider:4 | Received a gift from Trog
 31969 | Spider:4 | Reached skill level 15 in Dodging
 32000 | Spider:4 | HP: 7/177 [poisoned by an emperor scorpion]
 32005 | Spider:4 | HP: 4/177 [poisoned by an emperor scorpion]
 32011 | Spider:4 | HP: 4/177 [poisoned by an emperor scorpion]
 32016 | Spider:4 | HP: 5/177 [poisoned by an emperor scorpion]
 32023 | Spider:4 | HP: 6/177 [poisoned by an emperor scorpion]
 32557 | Spider:4 | Got a gossamer rune of Zot
 32769 | Shoals:1 | Entered Level 1 of the Shoals
 32781 | Shoals:1 | Reached XP level 17. HP: 181/184 MP: 16/16
 33916 | Shoals:1 | Got a crude ring mail
 33934 | Shoals:1 | Identified the +3 ring mail of Beogh's Hatred {rPois
                  | Slay+6} (You found it on level 1 of the Shoals)
 34660 | Shoals:2 | Reached skill level 22 in Long Blades
 35002 | Shoals:2 | Noticed Ilsuiw
 35030 | Shoals:2 | Received a gift from Trog
 35044 | Shoals:2 | Killed Ilsuiw
 35407 | Shoals:2 | Got an iridescent arbalest {god gift}
 35424 | Shoals:2 | Noticed Roxanne
 35430 | Shoals:2 | Noticed Polyphemus
 35774 | Shoals:2 | Killed Polyphemus
 36124 | Shoals:2 | Killed Roxanne
 37121 | Shoals:3 | Noticed Louise
 37146 | Shoals:3 | Killed Louise
 38010 | Shoals:3 | Noticed a kraken
 38020 | Shoals:3 | Killed a kraken
 38198 | Shoals:3 | Received a gift from Trog
 38422 | Shoals:4 | Entered Level 4 of the Shoals
 38907 | Shoals:4 | Reached XP level 18. HP: 86/198 MP: 17/17
 39014 | Shoals:4 | HP: 13/300 [merfolk/+0 trident (7)]
 39017 | Shoals:4 | HP: 6/300 [merfolk aquamancer/ball of steam (3)]
 39020 | Shoals:4 | HP: 2/300 [merfolk javelineer/javelin (5)]
 39021 | Shoals:4 | Hit by a javelin thrown by a merfolk javelineer

Levels and vault maps discovered:
D:1:      roderic_dead_forest, layout_loops_ring, minmay_pentomino_u2
D:2:      layout_basic, grunt_temple_overflow_order_and_chaos_2,
          xom_teletrap_fun, first_ration, chequers_serial_rivers_large_a,
          uniq_crazy_yiuf_cottage
D:3:      layout_loops_cross, fedhas_altar_1, ebering_ghost_sewer_f,
          grunt_decor_cap, kennysheep_generic_room_4, uniq_ijyb, uniq_grinder
D:4:      layout_loops_corners, minmay_temple_entry_ruins,
          nicolae_zen_rock_garden, uniq_sigmund, uniq_natasha
D:5:      layout_gridville, lemuel_crystal_altar, chequers_serial_rivers_small_a
D:6:      layout_rooms, nicolae_overflow_crystal_walls, tso_oasis_becter,
          serial_co_window_serial, co_window_corner_a, co_window_paths_b,
          co_window_of_opportunity_a, co_window_corner_a, co_window_paths_a,
          co_window_broadway_b, co_window_2corner, co_window_paths_d,
          glass_columns_b, glass_columns_a, glass_columns_b, glass_columns_b,
          glass_columns_b, kennysheep_generic_room_10, uniq_pikel
D:7:      layout_loops_ring, lemuel_round_altar, kennysheep_mini,
          grunt_dithmenos_smoke, kennysheep_generic_room_8
D:8:      kennysheep_ambush_hall, layout_basic, lemuel_crystal_altar,
          minmay_lair_entry_grove, uniq_maurice
D:9:      layout_small_grid, nicolae_qazlal_eye_of_the_storm, uniq_psyche
D:10:     minmay_the_grid_triangle_9x9_rhombus_thin
          [minmay_the_grid_triangle_9x9_semitri,
          minmay_the_grid_triangle_9x9_prize_center,
          minmay_the_grid_triangle_9x9_warning,
          minmay_the_grid_triangle_9x9_checkered], layout_irregular_city,
          grunt_pizzeria, hangedman_decor_riveting, uniq_fannar
D:11:     layout_cross, minmay_misc_feat_roman
D:12:     layout_long_grid, hiddenorc1_lemuel, serial_shops, shop,
          ebering_ghost_rock_garden
D:13:     layout_basic, ximxim_vaults_locker_room
D:14:     layout_irregular_city, serial_shops,
          nicolae_shop_competitors_out_of_business
D:15:     hangedman_depths_entry_try_elsewhere_first, layout_basic,
          gauntlet_entry_generic, einodemon_crawler_minivault
Lair:1:   layout_cave_shapes, dpeg_stationary_puzzle, infiniplex_staircase_pool
Lair:2:   layout_layer_cave, minmay_shoals_entry_lonely_mermaid,
          gammafunk_ghost_arena, infiniplex_staircase_pool_2
Lair:3:   layout_chaotic_city, spider_nest_entry_funnel_web, minivault_27,
          nicolae_quartered_pool_little
Lair:4:   regret_index_bee_streams, layout_regular_city
Lair:5:   layout_roguey
Lair:6:   due_jungle_book, layout_regular_city, dpeg_slime_entry_enclosed_altar,
          enter_volcano_1, uniq_sonja
Shoals:1: layout_shoals
Shoals:2: layout_shoals, uniq_roxanne, uniq_ilsuiw, uniq_polyphemus
Shoals:3: layout_shoals, uniq_louise
Shoals:4: shoals_end_simple, layout_shoals, uniq_kirke
Spider:1: layout_spider_delve
Spider:2: layout_spider_delve
Spider:3: layout_spider_delve, uniq_arachne, uniq_donald, uniq_azrael
Spider:4: spider_rune_water, portal_ice_cave_entry_pillars_1, drop_trap

Skill      XL: |  1  2  3  4  5  6  7  8  9 10 11 12 13 14 15 16 17 18 |
---------------+-------------------------------------------------------+-----
Long Blades    | 4 5 6 8 9 11 13 14 16 17 19 20 21 22 | 22.9
Fighting       | 4 5 6 7 8 9 11 12 13 14 16 18 19 | 19.6
Armour         | 3 4 5 6 8 9 10 12 13 14 15 16 17 | 17.1
Dodging        | 3 4 5 6 7 8 9 11 12 13 14 15 16 | 16.0

Action                   |  1- 3 |  4- 6 |  7- 9 | 10-12 | 13-15 | 16-18 || total
-------------------------+-------+-------+-------+-------+-------+-------++-------
Melee: Falchion          |    44 |    79 |    79 |       |       |       ||   202
       Headbutt          |     7 |    16 |    61 |   158 |   242 |   209 ||   693
       Long sword        |       |       |   187 |   449 |       |       ||   636
       Demon blade       |       |       |       |   128 |    92 |       ||   220
       Triple sword      |       |       |       |       |   664 |   641 ||  1305
Throw: Stone             |    26 |    24 |    37 |    37 |   327 |   111 ||   562
Invok: Berserk           |       |     5 |     8 |    13 |     3 |     8 ||    37
       Trog's Hand       |       |       |       |       |       |     8 ||     8
       Brothers in Arms  |       |       |       |       |       |     3 ||     3
  Use: Scroll            |       |       |       |    21 |    16 |     6 ||    43
       Potion            |       |       |       |     1 |     1 |     3 ||     5
 Stab: Petrified         |       |       |       |       |       |     2 ||     2
       Petrifying        |       |       |       |       |       |     1 ||     1
  Eat: Chunk             |     1 |    11 |    19 |    31 |    30 |    24 ||   116
       Ration            |       |       |     1 |     1 |     5 |     6 ||    13
Armor: Animal skin       |    12 |    13 |     9 |       |       |       ||    34
       Chain mail        |       |       |    54 |    91 |       |       ||   145
       Plate armour      |       |       |       |   104 |   367 |   650 ||  1121
Dodge: Dodged            |    34 |    46 |   151 |   299 |   795 |  1062 ||  2387
       Rpst.: Falchion   |     9 |     8 |    12 |       |       |       ||    29
       Long sword        |       |       |    23 |    63 |       |       ||    86
       Demon blade       |       |       |       |    14 |     8 |       ||    22
       Triple sword      |       |       |       |       |   145 |   164 ||   309
